 Dungeon Crawl Stone Soup version 0.17-a0-1011-gfa70bdd (webtiles) character file.

4262 RobertPalmer the Transmogrifier (level 10, -12/58 HPs)
             Began as an Octopode Transmuter on May 13, 2015.
             Was a Believer of Makhleb.
             Mangled by a sun demon (13 damage)
             ... summoned by a kobold demonologist
             ... on level 9 of the Dungeon.
             The game lasted 00:28:12 (12116 turns).

RobertPalmer the Transmogrifier (OpTm)             Turns: 12116, Time: 00:28:12

Health: -12/58     AC:  2    Str: 10    XL:     10   Next: 31%
Magic:  7/13       EV: 29    Int: 15    God:    Makhleb [**....]
Gold:   525        SH:  0    Dex: 21    Spells: 4 memorised, 3 levels left

rFire  . . .     SeeInvis .       - Unarmed
rCold  . . .     Clarity  .     (shield currently unavailable)
rNeg   . . .     SustAb   .     (helmet currently unavailable)
rPois  x         Gourm    .     F - amulet of faith {Faith, !P}
rElec  .         Spirit   .     e - +5 ring of evasion
rCorr  .         Warding  .     K - ring of flight {+Fly, !d}
rMut   .         Stasis   .     (no ring)
MR     .....                    (no ring)
Stlth  ++........               (no ring)
                                (no ring)
                                (no ring)
                                (no ring)

@: spider-form, not resistant to hostile enchantments, unstealthy
A: almost no armour, amphibious, 8 rings, (constrict 8), (camouflage 0),
(gelatinous body 0)
a: End Transformation, Minor Destruction, Renounce Religion, Evoke Flight


You were on level 9 of the Dungeon.
You worshipped Makhleb.
Makhleb was pleased with you.
You were not hungry.
You were a venomous arachnid creature.
You visited 2 branches of the dungeon, and saw 10 of its levels.

You collected 525 gold pieces.

Inventory:

Hand weapons
 J - a +0 blowgun
   (You took it off a kobold on level 6 of the Dungeon)
Missiles
 a - 56 arrows
 i - 13 poisoned arrows
 y - 11 arrows of dispersal {=f}
 E - a throwing net {=f, !d}
 H - 29 poisoned needles
Magical staves
 z - an uncursed staff of death {rN+}
   (You found it on level 4 of the Dungeon)
 D - an uncursed staff of poison {rPois}
   (You found it on level 6 of the Dungeon)
Jewellery
 e - a +5 ring of evasion (left front leg)
   (You found it on level 2 of the Dungeon)
 F - an amulet of faith (around neck) {Faith, !P}
   (You found it on level 6 of the Dungeon)
 K - a ring of flight (right front leg) {+Fly, !d}
   (You found it on level 7 of the Dungeon)
Magical devices
 v - a wand of polymorph (0)
   (You took it off a gnoll on level 4 of the Dungeon)
 I - a wand of fire (12)
   (You found it on level 7 of the Dungeon)
Scrolls
 d - 4 scrolls of enchant armour
 f - 4 scrolls of remove curse
 p - 3 scrolls of enchant weapon
 B - 2 scrolls of noise {!r}
 N - a scroll of recharging {unknown}
 O - 3 scrolls of amnesia {unknown}
 P - a scroll of magic mapping {unknown}
 Q - a scroll of summoning {unknown}
 R - a scroll of fog {unknown}
 S - a scroll of teleportation
Potions
 g - 3 potions of agility {unknown}
 h - a potion of haste {unknown}
 j - a potion of flight {unknown}
 l - a potion of brilliance {unknown}
 n - 3 potions of degeneration {unknown}
 o - 2 potions of ambrosia {!q}
 q - 3 potions of mutation {!q}
 s - a potion of magic {unknown}
 w - a potion of resistance {unknown}
 x - 2 potions of curing
 C - a potion of berserk rage {unknown}
 M - a potion of might {unknown}
 T - a potion of poison {unknown}
Books
 b - a book of Changes
 k - a book of the Dragon
   (You found it on level 6 of the Dungeon)
 m - a book of Maledictions
   (You found it on level 2 of the Dungeon)
Comestibles
 c - 5 bread rations {@e1}
 r - 40 fruits
 u - 9 meat rations {@e2}
 A - a beef jerky


   Skills:
 - Level 1.0 Fighting
 - Level 5.0 Dodging
 + Level 8.9 Unarmed Combat
 - Level 2.0 Spellcasting
 - Level 10.4 Transmutations
 - Level 4.1 Ice Magic


You had 3 spell levels left.
You knew the following spells:

 Your Spells              Type           Power        Failure   Level  Hunger
a - Beastly Appendage     Trmt           ####..       3%          1    #......
c - Spider Form           Trmt/Pois      ###.......   24%         3    ###....
e - Ice Form              Ice/Trmt       ###.....     32%         4    #####..
s - Sticks to Snakes      Trmt           ####......   3%          2    ###....


Dungeon Overview and Level Annotations

Branches:
Dungeon (9/15)             Temple (1/1) D:7            Lair (0/8) D:8
    Orc: D:9-12

Altars:
Ashenzari
Cheibriados
Dithmenos
Fedhas
Makhleb
Nemelex Xobeh
Okawaru
Qazlal
Ru
Sif Muna
Trog
Vehumet
Xom
Yredelemnul
Zin
The Shining One

Annotations:
D:4 Viceroy's ghost, average HaBe
D:6 3 runed doors


Innate Abilities, Weirdness & Mutations

You cannot wear most types of armour.
You are amphibious.
You can wear up to eight rings at the same time.
((You can use your tentacles to constrict eight enemies at once.))
((Your skin changes colour to match your surroundings (Stealth).))
((Your rubbery body absorbs attacks (AC +1).))


Message History

The iguana barely misses you. The orc priest barely misses you.
You punch the orc priest! You freeze the orc priest.
You kill the orc priest!
Makhleb accepts your kill. The iguana barely misses you.
You pummel the iguana!! You freeze the iguana!
You kill the iguana!
Makhleb accepts your kill. The orc warrior closely misses you.
An orc comes into view. It is wielding a hand axe.
You hear a distant slurping noise.
MP restored: 13 You see here a whip.
There is a stone staircase leading up here.
The orc warrior barely misses you.
You climb upwards.
There is a stone staircase leading down here.
Your transformation is almost over.
You see here a stone.
You see here 2 stones.
Eating one of 2 chunks of flesh {@w0}.
You continue eating. x2
You warm up again.
There is a stone staircase leading down here.
You now have 58/58 hp.
Unknown command.
Unknown command.
You climb downwards.
There is a stone staircase leading up here. 2 kobolds, a big kobold and a skeleton come into view.
The kobold shouts!
You hear a shout!
You hear a shout!
You hear a shout!
The kobold throws a stone.
The stone misses you.
A kobold demonologist comes into view. It is wielding a dagger.
There are monsters nearby!
There are monsters nearby!
There are monsters nearby!
You turn into a creature of crystalline ice.
The kobold demonologist mumbles some strange words.
You feel troubled.
You now have 69/69 hp.
You punch the big kobold! You freeze the big kobold.
The kobold wields a blowgun.
The kobold shoots a poisoned needle.
The poisoned needle closely misses you.
All of the chunks of flesh in your inventory have rotted away.
You completely miss the big kobold. The big kobold barely misses you.
You barely miss the big kobold. The big kobold closely misses you.
The kobold demonologist mumbles some strange words.
You hear a shout!
A kobold comes into view.
You hit the big kobold. You freeze the big kobold.
The big kobold hits you with a dagger.
The kobold demonologist hits you but does no damage.
You take 4 damage, and have 65/69 hp.
You punch the big kobold! You freeze the big kobold.
You kill the big kobold!
Makhleb accepts your kill.
You feel a little better. The blue devil hits you!
You take 9 damage, and have 56/69 hp.
You hit the kobold demonologist. You freeze the kobold demonologist.
The blue devil hits you!
The kobold shoots a poisoned needle.
The poisoned needle hits you!
You take 16 damage, and have 40/69 hp.
MASSIVE DAMAGE!!
You hit the kobold demonologist. You freeze the kobold demonologist.
The kobold demonologist closely misses you.
The hound skeleton closely misses you. The blue devil hits you.
A kobold comes into view.
You take 1 damage, and have 39/69 hp.
You barely miss the kobold demonologist.
The hound skeleton bites you but does no damage.
The kobold demonologist completely misses you.
The blue devil hits you.
You take 1 damage, and have 38/69 hp.
You miss the kobold demonologist. The hound skeleton bites you.
The kobold demonologist closely misses you.
The blue devil misses you.
A giant gecko comes into view.
You take 2 damage, and have 36/69 hp.
Unknown command.
You punch the kobold demonologist! You freeze the kobold demonologist.
The hound skeleton completely misses you.
The kobold demonologist mumbles some strange words.
Unknown command.
You have no means to grasp a wand firmly enough.
Read which item? (? for menu, Esc to quit)
Okay, then.
You warm up again.
The hound skeleton misses you. The blue devil hits you.
The sun demon barely misses you.
The kobold demonologist looks braver.
The hound skeleton bites you. The blue devil closely misses you.
You now have 24/58 hp.
You turn into a venomous arachnid creature.
The sun demon closely misses you.
The giant gecko moves out of view.
The hound skeleton barely misses you.
The kobold demonologist barely misses you.
The blue devil completely misses you. The sun demon hits you!!
* * * LOW HITPOINT WARNING * * *
You are engulfed in flames!
You die... # #. #. ##.# KKK

#Z###
#Ks3#######
###4.......
#<..#######
#.### ...#
#####


You could see a sun demon, a kobold demonologist, a blue devil, 3 kobolds and a
hound skeleton.

Vanquished Creatures
  2 hungry ghosts
  Duvessa (D:4)
  An ice beast (D:5)
  3 phantoms
  6 ogres
  3 sky beasts
  3 giant frogs
  11 big kobolds
  Dowan (D:4)
  A water moccasin zombie (D:7)
  3 scorpions
  4 wights (D:6)
  7 crimson imps
  5 orc priests
  3 jellies
  3 iguanas
  A hound (D:4)
  2 orc wizards
  Terence (D:3)
  2 quasits
  10 worker ants
  A hound skeleton (D:8)
  11 adders
  10 gnolls
  A shadow imp (D:8)
  5 oozes
  3 adder skeletons
  A worm (D:4)
  9 giant geckos
  22 orcs
  2 bat skeletons (D:4)
  A bat zombie (D:8)
  12 giant cockroaches
  20 hobgoblins
  16 jackals
  31 kobolds
  4 ball pythons
  10 bats
  A giant cockroach zombie (D:5)
  A giant gecko skeleton (D:4)
  A giant gecko zombie (D:5)
  10 giant newts
  12 goblins
  6 quokkas
  A quokka skeleton (D:4)
  18 rats
282 creatures vanquished.

Vanquished Creatures (others)
  A butterfly (D:6)
1 creature vanquished.

Grand Total: 283 creatures vanquished

Notes
Turn   | Place    | Note
--------------------------------------------------------------
     0 | D:1      | RobertPalmer the Octopode Transmuter began the quest for the Orb.
     0 | D:1      | Reached XP level 1. HP: 13/13 MP: 3/3
   281 | D:1      | Reached XP level 2. HP: 12/18 MP: 3/5
   345 | D:1      | HP: 2/18 [ooze (4)]
   351 | D:1      | Reached skill level 3 in Transmutations
  1089 | D:1      | Reached XP level 3. HP: 23/23 MP: 4/6
  1469 | D:2      | Found a stormy altar of Qazlal.
  1635 | D:2      | Reached skill level 4 in Transmutations
  1962 | D:2      | Reached XP level 4. HP: 17/28 MP: 5/7
  2395 | D:2      | Learned a level 2 spell: Sticks to Snakes
  2399 | D:2      | Learned a level 3 spell: Spider Form
  2787 | D:2      | Reached skill level 5 in Transmutations
  2787 | D:2      | Reached XP level 5. HP: 27/33 MP: 3/8
  3412 | D:3      | Found a radiant altar of Vehumet.
  3655 | D:3      | Noticed Terence
  3809 | D:3      | Killed Terence
  3975 | D:3      | Reached skill level 3 in Dodging
  4078 | D:3      | Reached XP level 6. HP: 33/38 MP: 9/9
  4358 | D:4      | Found a bloodstained altar of Trog.
  4373 | D:4      | Reached skill level 4 in Dodging
  4550 | D:4      | Noticed Viceroy's ghost (average HaBe)
  4667 | D:4      | Reached skill level 5 in Dodging
  4852 | D:4      | Noticed Duvessa
  4852 | D:4      | Noticed Dowan
  4877 | D:4      | Killed Duvessa
  4877 | D:4      | Reached skill level 4 in Unarmed Combat
  4877 | D:4      | Reached XP level 7. HP: 43/43 MP: 5/10
  4885 | D:4      | Killed Dowan
  5651 | D:4      | Reached skill level 5 in Unarmed Combat
  5921 | D:4      | Reached skill level 6 in Unarmed Combat
  5921 | D:4      | Reached XP level 8. HP: 30/48 MP: 7/11
  6288 | D:5      | Entered Level 5 of the Dungeon
  6304 | D:5      | Learned a level 4 spell: Ice Form
  6332 | D:5      | Found a snail-covered altar of Cheibriados.
  6415 | D:5      | Reached skill level 2 in Ice Magic
  6512 | D:5      | Reached skill level 3 in Ice Magic
  6636 | D:5      | Reached skill level 4 in Ice Magic
  7467 | D:5      | Reached skill level 6 in Transmutations
  7641 | D:6      | Found a runed door.
  7641 | D:6      | Found a runed door.
  7644 | D:6      | Found a runed door.
  7645 | D:6      | Found a runed door.
  7654 | D:6      | Found a shimmering altar of Xom.
  7655 | D:6      | Found a runed door.
  7655 | D:6      | Found a runed door.
  7847 | D:6      | Reached skill level 7 in Transmutations
  8044 | D:6      | Reached XP level 9. HP: 22/53 MP: 8/12
  8325 | D:6      | Reached skill level 8 in Transmutations
  8849 | D:6      | Reached skill level 9 in Transmutations
  9626 | D:7      | Found a staircase to the Ecumenical Temple.
  9635 | Temple   | Entered the Ecumenical Temple
  9649 | Temple   | Became a worshipper of Makhleb the Destroyer
 10528 | D:7      | Reached skill level 10 in Transmutations
 10697 | D:7      | Found a deep blue altar of Sif Muna.
 11090 | D:8      | Acquired Makhleb's first power
 11216 | D:8      | Reached skill level 7 in Unarmed Combat
 11220 | D:8      | Reached XP level 10. HP: 58/58 MP: 11/13
 11257 | D:8      | Acquired Makhleb's second power
 11261 | D:8      | Reached skill level 8 in Unarmed Combat
 11444 | D:8      | Found a sacrificial altar of Ru.
 11543 | D:8      | Found a staircase to the Lair.
 11694 | D:8      | Found a glowing golden altar of the Shining One.
 12115 | D:9      | Noticed a sun demon
 12116 | D:9      | HP: 1/58 [sun demon[a kobold demonologist] (23)]
 12116 | D:9      | Mangled by a sun demon

Vault maps used:
D:1:      dpeg_arrival_tiny_d, minivault_14
D:2:      nicolae_qazlal_general_emergency
D:3:      overflow_temple_1_default, first_bread, uniq_terence
D:4:      kennysheep_mini_moat, uniq_duvessa
D:5:      kennysheep_six_static_rooms, lemuel_crystal_altar, st_stairs_10
D:6:      gup_sewer_entry_bowl, dk_xom_monty_hall
D:7:      lemuel_coloured_pillars_altar, minmay_temple_entry_junction
D:8:      tso_oasis_becter, lemuel_doored_altar, lair_0_dummy, special_room,
          blue_anna_alchemist
D:9:      serial_shops, kennysheep_little_box, minivault_29, uniq_erica
Temple:   circular_temple_12

Action                   |  1- 3 |  4- 6 |  7- 9 | 10-12 || total
-------------------------+-------+-------+-------+-------++-------
Melee: Unarmed           |    96 |   203 |   440 |    89 ||   828
 Cast: Beastly Appendage |    19 |     9 |     5 |       ||    33
       Spider Form       |       |    15 |    36 |     1 ||    52
       Ice Form          |       |       |     1 |     9 ||    10
 Abil: End Transformatio |       |     1 |     3 |     1 ||     5
Evoke: Wand              |       |       |       |     3 ||     3
  Use: Scroll            |     1 |     2 |     7 |     1 ||    11
       Potion            |       |       |     1 |       ||     1
 Stab: Sleeping          |     1 |    10 |    11 |       ||    22
       Distracted        |       |       |     1 |     1 ||     2
  Eat: Chunk             |     4 |     8 |    28 |     6 ||    46
       Pizza             |       |     1 |       |       ||     1
       Royal jelly       |       |     1 |       |       ||     1
       Beef jerky        |       |       |     1 |       ||     1

Vault maps used:
D:1:      dpeg_arrival_tiny_d, minivault_14
D:2:      nicolae_qazlal_general_emergency
D:3:      overflow_temple_1_default, first_bread, uniq_terence
D:4:      kennysheep_mini_moat, uniq_duvessa
D:5:      kennysheep_six_static_rooms, lemuel_crystal_altar, st_stairs_10
D:6:      gup_sewer_entry_bowl, dk_xom_monty_hall
D:7:      lemuel_coloured_pillars_altar, minmay_temple_entry_junction
D:8:      tso_oasis_becter, lemuel_doored_altar, lair_0_dummy, special_room,
          blue_anna_alchemist
D:9:      serial_shops, kennysheep_little_box, minivault_29, uniq_erica
Temple:   circular_temple_12

Table legend:
 A = Turns spent in this place as a percentage of turns spent in the entire game.
 B = Non-inter-level travel turns spent in this place as a percentage of non-inter-level travel turns spent in the entire game.
 C = Inter-level travel turns spent in this place as a percentage of turns spent in this place.
 D = Turns resting spent in this place as a percentage of non-inter-level travel turns spent in this place.
 E = Turns spent auto-exploring this place as a percentage of non-inter-level travel turns spent in this place.
 F = Non-inter-level travel turns spent in this place divided by the number of levels of this place that you've seen.
                   A       B       C       D       E      F
               +-------+-------+-------+-------+-------+----------------------
         Total | 100.0 | 100.0 |   0.4 |   2.7 |   7.2 | 413.4
       Dungeon |  99.6 |  99.6 |   0.4 |   2.7 |   7.3 | 457.7
        Temple |   0.4 |   0.4 |   6.2 |   0.0 |   0.0 |  15.0
               +-------+-------+-------+-------+-------+----------------------

Table legend:
 A = Kills in this place as a percentage of kills in entire the game.
 B = Kills by you in this place as a percentage of kills by you in the entire game.
 C = Kills by friends in this place as a percentage of kills by friends in the entire game.
 D = Other kills in this place as a percentage of other kills in the entire game.
 E = Experience gained in this place as a percentage of experience gained in the entire game.
 F = Experience gained in this place divided by the number of levels of this place that you have seen.
                   A       B       C       D       E      F
               +-------+-------+-------+-------+-------+----------------------
         Total | 100.0 | 100.0 |  -nan |  -nan | 100.0 | 608.9
       Dungeon | 100.0 | 100.0 |  -nan |  -nan | 100.0 | 676.6
               +-------+-------+-------+-------+-------+----------------------
